 Dungeon Crawl Stone Soup version 0.20-a0-870-g4070442 (webtiles) character file.

61 Brouzouf the Slasher (level 4, -4/34 HPs)
             Began as a Barachi Skald on Mar 13, 2017.
             Slain by Grinder (7 damage)
             ... on level 3 of the Dungeon.
             The game lasted 00:05:18 (2058 turns).

Brouzouf the Slasher (Barachi Skald)                Turns: 2058, Time: 00:05:19

Health: -4/34      AC:  4    Str: 12    XL:     4   Next: 7%
Magic:  5/7        EV: 12    Int: 14    God:
Gold:   76         SH:  0    Dex: 12    Spells: 4/7 levels left

rFire    . . .     SeeInvis .   a - +0 falchion
rCold    . . .     Gourm    .   b - +0 leather armour
rNeg     . . .     Faith    .   (no shield)
rPois    .         Spirit   .   (no helmet)
rElec    .         Reflect  .   (no cloak)
rCorr    .         Harm     .   i - +0 pair of gloves
MR       .....                  (no boots)
Stlth    +.........             (no amulet)
Regen    0.2/turn               (no ring)
MPRegen  0.1/turn               (no ring)

@: infused, slow
A: +LOS, swims, slowness 1, strong legs 1
a: Hop


You were on level 3 of the Dungeon.
You were not hungry.

You visited 1 branch of the dungeon, and saw 3 of its levels.

You collected 76 gold pieces.

Inventory:

Hand Weapons
 a - a +0 falchion (weapon)
Armour
 b - a +0 leather armour (worn)
 i - a +0 pair of gloves (worn)
Scrolls
 e - a scroll of recharging {unknown}
 k - a scroll of fog {unknown}
 l - 2 scrolls of magic mapping {unknown}
 o - a scroll of teleportation {unknown}
Potions
 f - 2 potions of heal wounds {unknown}
 g - a potion of haste {unknown}
 h - a potion of brilliance {unknown}
 j - a potion of curing {unknown}
 n - a potion of invisibility {unknown}
 p - a potion of berserk rage {unknown}
Books
 c - a book of Battle

   Spells                             Type                      Level
   a - Infusion                       Charms                       1
   b - Shroud of Golubria             Charms/Translocation         2
   c - Song of Slaying                Charms                       2
   d - Spectral Weapon                Hexes/Charms                 3
   e - Regeneration                   Charms/Necromancy            3
Comestibles
 d - a bread ration
 m - a meat ration
 q - 2 royal jellies
 r - a chunk of flesh


   Skills:
 - Level 2.4 Fighting
 * Level 4.9 Long Blades
 - Level 1.2 Armour
 + Level 2.5 Dodging
 - Level 2.1 Spellcasting
 - Level 3.2 Charms


You had 4 spell levels left.
You knew the following spells:

 Your Spells              Type           Power        Failure   Level  Hunger
a - Infusion              Chrm           ##..         10%         1    #......
b - Song of Slaying       Chrm           ##......     14%         2    ###....


Dungeon Overview and Level Annotations

Branches:
Dungeon (3/15)

Altars:

Annotations:
D:3 Grinder


Innate Abilities, Weirdness & Mutations

Shadows flee at your approach. (+LOS)
You can swim through water.
You cover ground slowly.
You can hop short distances.


Message History

You barely miss Grinder. Grinder gestures at you.
You suddenly lose the ability to move!
Grinder gestures at you. Pain shoots through your body! Grinder hits you!
You writhe in agony.
Grinder hits you.
You writhe in agony.
* * * LOW HITPOINT WARNING * * *
You can move again.
You hit Grinder.
Grinder is lightly wounded.
Grinder hits you!
* * * LOW HITPOINT WARNING * * *
You barely miss Grinder.
Grinder is lightly wounded.
Grinder hits you but does no damage.
You hit Grinder.
Grinder is lightly wounded.
Grinder hits you!
You die...

#..###..##
#.#.#....##
######.##......###
..<..............#
#######.##.....#.#
#.###...##.# #.#
##.###.# #.# ###
#.# #.# #@# #.#
#5# ... ... ...
..).. #.# ###..$.
####.. ###


You could see Grinder.

Vanquished Creatures
  A worm (D:2)
  2 dart slugs
  4 leopard geckos (D:1)
  2 giant cockroaches
  7 goblins
  5 hobgoblins (D:1)
  4 jackals (D:1)
  4 kobolds
  2 ball pythons (D:1)
  5 bats
  5 frilled lizards
  6 rats
47 creatures vanquished.

Notes
Turn   | Place    | Note
-------+----------+-------------------------------------------
     0 | D:1      | Brouzouf the Barachi Skald began the quest for the Orb.
     0 | D:1      | Reached XP level 1. HP: 17/17 MP: 3/3
   155 | D:1      | Reached skill level 3 in Long Blades
   192 | D:1      | Reached XP level 2. HP: 18/23 MP: 5/5
   196 | D:1      | Learned a level 2 spell: Song of Slaying
   467 | D:1      | Reached skill level 4 in Long Blades
   531 | D:1      | Reached XP level 3. HP: 28/28 MP: 6/6
  1830 | D:2      | Reached XP level 4. HP: 26/34 MP: 7/7
  2045 | D:3      | Noticed Grinder
  2052 | D:3      | Paralysed by Grinder for 4 turns
  2058 | D:3      | Slain by Grinder

Vault maps used:
D:1:      dpeg_arrival_tiny_i, minmay_shallow_snake_nest
D:3:      uniq_jessica, uniq_grinder, uniq_sigmund

Skill      XL: |  1  2 |
---------------+-------+-----
Long Blades    | 3 4 |  4.9
Fighting       | |  2.4
Armour         | |  1.2
Dodging        | |  2.5
Spellcasting   | |  2.1
Charms         | |  3.2

Action                   |  1- 3 |  4- 6 || total
-------------------------+-------+-------++-------
Melee: Falchion          |   152 |     7 ||   159
 Cast: Song of Slaying   |     3 |     1 ||     4
       Infusion          |       |     1 ||     1
  Eat: Chunk             |     4 |     1 ||     5
Armor: Leather armour    |    66 |     1 ||    67
Dodge: Dodged            |   114 |     4 ||   118
       Rpst.: Falchion   |    38 |     2 ||    40
